 Dungeon Crawl Stone Soup version 0.28.0 (webtiles) character file.

Game seed: 2194926117937817414

848 Roflanpepe the Grave Robber (level 7, -3/46 HPs)
             Began as a Demonspawn Necromancer on Feb 18, 2022.
             Slain by Duvessa (9 damage)
             ... on level 5 of the Dungeon.
             The game lasted 00:34:56 (7651 turns).

Roflanpepe the Grave Robber (DsNe)                  Turns: 7651, Time: 00:34:58

Health: -3/46      AC:  7    Str:  8    XL:     7   Next: 69%
Magic:  1/14       EV: 13    Int: 21    God:
Gold:   18         SH:  0    Dex: 14    Spells: 7/16 levels left

rFire   . . .      SeeInvis .   g - +6 falchion (vorpal)
rCold   . . .      Faith    .   (no shield)
rNeg    . . .      Spirit   .   w - +1 robe of Jeehu {Int+3}
rPois   .          Reflect  .   (helmet restricted)
rElec   .          Harm     .   (no cloak)
rCorr   +          Rampage  .   i - +1 pair of gloves
Will    .....                   (no boots)
Stlth   ++........              (no amulet)
HPRegen 0.15/turn               r - ring of flight
MPRegen 0.14/turn               s - ring of resist corrosion

@: brilliant, about to teleport, flying
A: horns 1, thin metallic scales 1
a: no special abilities


You were on level 5 of the Dungeon.
You visited 1 branch of the dungeon, and saw 5 of its levels.

You collected 284 gold pieces.
You spent 266 gold pieces at shops.

Inventory:

Hand Weapons
 b - a +0 dagger
 c - a +0 rapier
 g - a +6 vorpal falchion (weapon)
Missiles
 q - 2 javelins
Armour
 a - a +0 robe
 i - a +1 pair of gloves (worn)
 j - a +0 animal skin
 o - a +0 helmet
 w - the +1 robe of Jeehu (worn) {Int+3}
   (You bought it in a shop on level 5 of the Dungeon)

   Int:       It affects your intelligence (+3).
Jewellery
 r - a ring of flight (left hand)
 s - a ring of resist corrosion (right hand)
Wands
 f - a wand of digging (9)
 p - a wand of flame (21)
Scrolls
 h - 2 scrolls of teleportation
 u - a scroll of identify
 v - a scroll of enchant armour
Potions
 d - 3 potions of curing
 e - 2 potions of attraction {unknown}
 k - 2 potions of brilliance
 l - a potion of haste {unknown}
 m - 2 potions of might {unknown}
 n - 2 potions of mutation {unknown}
 t - a potion of heal wounds {unknown}


   Skills:
 + Level 3.5 Dodging
 + Level 3.8 Stealth
 * Level 5.0 Spellcasting
 * Level 7.1 Necromancy


You had 7 spell levels left.
You knew the following spells:

 Your Spells              Type           Power      Damage    Failure   Level
a - Pain                  Necr           100%       1d9       1%          1
b - Animate Skeleton      Necr           100%       N/A       1%          1
c - Vampiric Draining     Necr           51%        2d9       1%          3
d - Animate Dead          Necr           25%        N/A       6%          4

Your spell library contained the following spells:

 Spells                   Type           Power      Damage    Failure   Level
 Ensorcelled Hibernation  Hex/Ice        14%        N/A       16%         2
 Scorch                   Fire           14%        2d5       16%         2
 Agony                    Necr           51%        N/A       16%         5
 Flame Wave               Conj/Fire      7%         2d5       71%         4
 Summon Cactus Giant      Summ           3%         N/A       100%        6


Dungeon Overview and Level Annotations

Branches:
Dungeon (5/15)
 Temple: D:4-7

Altars:
Dithmenos
Nemelex Xobeh
Okawaru
Sif Muna
Trog

Shops:
D:5 [

Annotations:
D:3 2 transporters, altcumming's ghost, amateur MiFi
D:5 Duvessa


Innate Abilities, Weirdness & Mutations

You have a pair of small horns on your head.
You are partially covered in thin metallic scales. (AC +2)


Message History

You feel life coursing into your body. Duvessa hits you with a +0 short sword.
Unknown command.
Casting: Vampiric Draining (safe; 1% risk of failure)
Confirm with . or Enter, or press ? or * to list all spells.
Aiming: Vampiric Draining (safe; 1% risk of failure)
Press: ? - help, Shift-Dir - straight line, f/p - Duvessa
Aim: Duvessa, wielding a +0 short sword and wearing a +0 ring mail (moderately wounded, berserk)
You feel a surge of power!
You draw life force from Duvessa!
You feel life coursing into your body. Duvessa closely misses you.
Duvessa hits you with a +0 short sword!
Casting: Vampiric Draining (safe; 1% risk of failure)
Confirm with . or Enter, or press ? or * to list all spells.
Aiming: Vampiric Draining (safe; 1% risk of failure)
Press: ? - help, Shift-Dir - straight line, f/p - Duvessa
Aim: Duvessa, wielding a +0 short sword and wearing a +0 ring mail (moderately wounded, berserk)
You feel a surge of power!
You draw life force from Duvessa.
You feel life coursing into your body. Duvessa hits you with a +0 short sword.
Casting: Vampiric Draining (safe; 1% risk of failure)
Confirm with . or Enter, or press ? or * to list all spells.
Aiming: Vampiric Draining (safe; 1% risk of failure)
Press: ? - help, Shift-Dir - straight line, f/p - Duvessa
Aim: Duvessa, wielding a +0 short sword and wearing a +0 ring mail (heavily wounded, berserk)
You feel a surge of power!
You draw life force from Duvessa!
You feel life coursing into your body.
Duvessa hits you with a +0 short sword. x2
Casting: Vampiric Draining (safe; 1% risk of failure)
Confirm with . or Enter, or press ? or * to list all spells.
Aiming: Vampiric Draining (safe; 1% risk of failure)
Press: ? - help, Shift-Dir - straight line, f/p - Duvessa
Aim: Duvessa, wielding a +0 short sword and wearing a +0 ring mail (severely wounded, berserk)
You feel a surge of power!
You draw life force from Duvessa!
You feel life coursing into your body. Duvessa hits you with a +0 short sword!
Unknown command.
You hit Duvessa but do no damage.
Duvessa is almost dead.
Duvessa barely misses you. Duvessa hits you with a +0 short sword!
As you read the scroll of teleportation, it crumbles to dust.
You feel strangely unstable. Duvessa hits you with a +0 short sword!
* * * LOW HITPOINT WARNING * * *
Duvessa hits you with a +0 short sword!
You die...

##############
#..........@)#
######.##......##e#
.......###....##
..# ........###..##
..# ##.......#####
..# ##'##.....# ..#
##..#.....# ..#
....#....## ..#
....#...##


You could see Duvessa (berserk).

Vanquished Creatures
  An orc warrior (D:5)
  Dowan (D:5)
  A water moccasin skeleton (D:5)
  2 howler monkeys
  A hound (D:4)
  A bullfrog skeleton (D:4)
  2 orc priests
  A centaur skeleton (D:5)
  2 iguanas (D:4)
  4 orc wizards
  A hound skeleton (D:5)
  Robin (D:4)
  9 adders
  3 gnolls (D:5)
  2 howler monkey skeletons (D:5)
  2 white imps (D:5)
  2 dart slugs
  6 orcs
  12 ball pythons
  7 endoplasms
  4 giant cockroaches
  13 goblins
  10 hobgoblins
  2 jackals (D:1)
  6 quokkas
  A bat (D:1)
  2 frilled lizards
  8 kobolds
  6 rats
113 creatures vanquished.

Vanquished Creatures (collateral kills)
  An adder (D:2)
  2 worms
  A goblin (D:4)
4 creatures vanquished.

Grand Total: 117 creatures vanquished

Notes
Turn   | Place    | Note
-------+----------+-------------------------------------------
     0 | D:1      | Roflanpepe the Demonspawn Necromancer began the quest for
                  | the Orb.
     0 | D:1      | Reached XP level 1. HP: 13/13 MP: 3/3
     2 | D:1      | Learned a level 1 spell: Animate Skeleton
   292 | D:1      | Gained mutation: You are partially covered in thin metallic
                  | scales. (AC +2) [demonic ancestry]
   292 | D:1      | Reached XP level 2. HP: 15/19 MP: 0/5
   393 | D:1      | Found a faded altar of an unknown god.
  1535 | D:1      | Reached XP level 3. HP: 17/24 MP: 2/6
  2234 | D:2      | Reached skill level 5 in Necromancy
  2234 | D:2      | Reached XP level 4. HP: 26/30 MP: 6/8
  2238 | D:2      | Learned a level 3 spell: Vampiric Draining
  2690 | D:2      | Found a shadowy altar of Dithmenos.
  3266 | D:3      | Found a sparkling altar of Nemelex Xobeh.
  3269 | D:3      | Found a transporter.
  3269 | D:3      | Noticed altcumming's ghost (amateur MiFi)
  3433 | D:3      | Gained mutation: You have a pair of small horns on your
                  | head. [demonic ancestry]
  3433 | D:3      | Reached XP level 5. HP: 35/35 MP: 0/9
  3734 | D:3      | Learned a level 4 spell: Animate Dead
  3921 | D:3      | Found a transporter.
  4625 | D:4      | Reached XP level 6. HP: 38/41 MP: 7/11
  4627 | D:4      | Noticed Robin
  4785 | D:4      | Killed Robin
  5105 | D:4      | Reached skill level 6 in Necromancy
  5938 | D:5      | Entered Level 5 of the Dungeon
  6423 | D:5      | Found Rutsusche's Armour Shop.
  6439 | D:5      | Reached XP level 7. HP: 43/46 MP: 13/13
  6476 | D:5      | Found an iron altar of Okawaru.
  7394 | D:5      | Bought the +1 robe of Jeehu {Int+3} for 266 gold pieces
  7497 | D:5      | Found a shimmering blue altar of Sif Muna.
  7513 | D:5      | Got Sif Muna's Almanac of Icy Curses
  7521 | D:5      | Reached skill level 7 in Necromancy
  7525 | D:5      | Found a bloodstained altar of Trog.
  7641 | D:5      | Noticed Duvessa
  7641 | D:5      | Noticed Dowan
  7644 | D:5      | Killed Dowan
  7645 | D:5      | Reached skill level 5 in Spellcasting
  7651 | D:5      | Slain by Duvessa

Illustrated notes

Levels and vault maps discovered:
D:1:      minmay_arrival_stone_box, layout_rooms,
          nicolae_ecumenical_snake_handling, hangedman_decor_peaks_small
D:2:      layout_rooms, basic_altar, grunt_ministairs_7, minmay_snake_closets
D:3:      layout_rooms, nemelex_xobeh_ov_fountains_minmay,
          gammafunk_ghost_mausoleum
D:4:      layout_basic, uniq_robin
D:5:      cheibrodos_iron_armory, layout_gridville,
          nzn_overflow_gifts_of_might_and_magic, okawaru_ov_weapons_minmay,
          kennysheep_minor_cross, minivault_19, kennysheep_windowed_goal,
          uniq_duvessa

Skill      XL: |  1  2  3  4  5  6  7 |
---------------+----------------------+-----
Stealth        | 2 3 |  3.8
Dodging        | 2 3 |  3.5
Necromancy     | 5 6 7 |  7.1
Spellcasting   | 3 4 5 |  5.0

Action                   |  1- 3 |  4- 6 |  7- 9 || total
-------------------------+-------+-------+-------++-------
Melee: Dagger            |    24 |       |       ||    24
       Rapier            |    20 |    35 |       ||    55
       Punch             |     1 |     1 |       ||     2
       Headbutt          |       |     6 |     6 ||    12
       Falchion          |       |    15 |    31 ||    46
 Cast: Pain              |    57 |    83 |     7 ||   147
       Animate Skeleton  |     8 |    14 |     3 ||    25
       Vampiric Draining |       |    21 |    16 ||    37
       Animate Dead      |       |     3 |       ||     3
  Use: Scroll            |     2 |     6 |     2 ||    10
       Potion            |       |     2 |     1 ||     3
 Stab: Sleeping          |       |     1 |       ||     1
Armor: Robe              |    21 |    25 |    15 ||    61
Dodge: Dodged            |    47 |    56 |    25 ||   128
